 Dungeon Crawl Stone Soup version 0.31-a0-1161-g593ecc88b7 (webtiles) character file.

Game seed: 10471918118047368956

219077 MackTheKnife the Warrior (level 18, 0/134 HPs)
             Began as a Demonspawn Enchanter on Dec 8, 2023.
             Was a High Priest of Hepliaklqana.
             Killed from afar by an ironbound frostheart (8 damage)
             ... by creeping frost
             ... on level 1 of the Vaults.
             The game lasted 00:48:25 (35010 turns).

MackTheKnife the Warrior (Demonspawn Enchanter)    Turns: 35010, Time: 00:48:26

Health: 0/134      AC: 27    Str: 23    XL:     18   Next: 43%
Magic:  25/25      EV: 17    Int: 18    God:    Hepliaklqana [*****.]
Gold:   1038       SH: 17    Dex: 24    Spells: 16/21 levels left

rFire   + +          +
                       - Unarmed
rCold   + + .        Q - +2 shield of Resistance {rF++ rC++ Will++}
rNeg    . . .        a - +6 fire dragon scales of Undesirable Species {rPois rF++ rC-}
rPois   +            O - +0 helmet of the Armoured One {Will- rCorr Str+3 Int+3}
rElec   +            s - scarf {repulsion}
rCorr   +            (gloves unavailable)
SInv    .            b - +2 pair of boots {Fly}
Will    ++++.        H - amulet of Tyig {RegenMP rElec Dex+4}
Stlth   ++           R - ring of Usut {rC+ Will+ rCorr Dex+3 Stlth+}
HPRegen 0.42/turn    G - +6 ring of strength
MPRegen 0.59/turn

%: repel missiles
@: about to teleport, flying
A: reduced essence, claws 3, yellow scales 3, ignite blood 3, powered by death
1, torment resistance 1, demonic willpower
}: 1/15 runes: serpentine
a: Renounce Religion, Recall Ancestor, Ancestor Identity, Transference, Idealise


You were on level 1 of the Vaults.
You worshipped Hepliaklqana.
Hepliaklqana was extremely pleased with you.
You visited 6 branches of the dungeon, and saw 31 of its levels.
You also visited: Ossuary, Bailey, Gauntlet and Ice Cave.

You collected 3297 gold pieces.
You spent 2259 gold pieces at shops.


Innate Abilities, Weirdness & Mutations

Your life essence is reduced to manifest your ancestor. (-10% HP)
You have claws for hands.
You are completely covered in yellow scales. (AC +4, rCorr)
Your demonic aura causes all spilled blood to erupt in flames.
You regenerate a little health from kills.
You are resistant to unholy torment.
You punish those that try to bend your will. (Will+)


   Skills:
 - Level 15.0 Fighting
 - Level 2.0 Short Blades
 - Level 12.0 Polearms
 - Level 12.0 Armour
 - Level 10.0 Dodging
 - Level 3.4 Stealth
 - Level 14.0 Shields
 + Level 14.6 Unarmed Combat
 - Level 2.0 Spellcasting
 - Level 3.6 Hexes
 - Level 1.3 Ice Magic
 - Level 10.0 Invocations


You had 16 spell levels left.
You knew the following spells:

 Your Spells              Type           Power      Damage    Failure   Level
a - Ensorcelled Hibernat  Hex/Ice        20%        N/A       36%         2
b - Confusing Touch       Hex            14%        N/A       41%         3

Your spell library contained the following spells:

 Spells                   Type           Power      Damage    Failure   Level
 Slow                     Hex            56%        N/A       16%         1
 Jinxbite                 Hex            28%        N/A       22%         2
 Freeze                   Ice            24%        1d4       36%         1
 Sigil of Binding         Hex            14%        N/A       41%         3
 Tukima's Dance           Hex            14%        N/A       41%         3
 Magic Dart               Conj           4%         1d3       54%         1
 Necrotise                Necr           4%         1d4       54%         1
 Sandblast                Erth           2%         2d4       54%         1
 Shock                    Conj/Air       4%         1d3       54%         1
 Sting                    Tmut/Pois      4%         1d3       54%         1
 Summon Small Mammal      Summ           4%         N/A       54%         1
 Dazzling Flash           Conj/Hex       16%        N/A       67%         3
 Inner Flame              Hex/Fire       8%         N/A       67%         3
 Summon Guardian Golem    Hex/Summ       8%         N/A       67%         3
 Blink                    Tloc           2%         N/A       69%         2
 Call Imp                 Summ           2%         N/A       69%         2
 Poisonous Vapours        Pois/Air       2%         N/A       69%         2
 Sublimation of Blood     Necr           1%         N/A       69%         2
 Wereblood                Tmut           1%         N/A       69%         2
 Frozen Ramparts          Ice            12%        1d2       75%         3
 Hailstorm                Conj/Ice       4%         3d5       83%         3
 Call Canine Familiar     Summ           1%         N/A       89%         3
 Gell's Gravitas          Tloc           1%         N/A       89%         3
 Ignite Poison            Fire/Tmut/Pois 1%         N/A       89%         3
 Mephitic Cloud           Conj/Pois/Air  1%         N/A       89%         3
 Swiftness                Air            1%         N/A       89%         3
 Teleport Other           Tloc           1%         N/A       89%         3
 Vampiric Draining        Necr           1%         2d6       89%         3
 Anguish                  Hex/Necr       4%         N/A       97%         4
 Dimensional Bullseye     Hex/Tloc       4%         N/A       97%         4
 Leda's Liquefaction      Hex/Erth       4%         N/A       97%         4
 Summon Ice Beast         Ice/Summ       4%         N/A       99%         4
 Airstrike                Air            0%         2d(1-17)  100%        4
 Animate Armour           Summ/Erth      2%         N/A       100%        4
 Animate Dead             Necr           1%         N/A       100%        4
 Manifold Assault         Tloc           1%         N/A       100%        4
 Olgreb's Toxic Radiance  Pois           1%         N/A       100%        4
 Petrify                  Tmut/Erth      1%         N/A       100%        4
 Agony                    Necr           1%         N/A       100%        5
 Borgnjor's Vile Clutch   Necr/Erth      0%         N/A       100%        5
 Freezing Cloud           Conj/Ice/Air   1%         6-21      100%        5
 Irradiate                Conj/Tmut      0%         3d11      100%        5
 Iskenderun's Battlesphe  Conj           1%         2d6       100%        5
 Lee's Rapid Deconstruct  Erth           0%         3d4*      100%        5
 Metabolic Englaciation   Hex/Ice        5%         N/A       100%        5
 Yara's Violent Unravell  Hex/Tmut       4%         3d4       100%        5
 Bombard                  Conj/Erth      0%         9d1       100%        6
 Dispersal                Tloc           0%         N/A       100%        6
 Simulacrum               Ice/Necr       2%         N/A       100%        6
 Enfeeble                 Hex            7%         N/A       100%        7
 Haunt                    Necr/Summ      0%         N/A       100%        7
 Orb of Destruction       Conj           0%         9d5       100%        7
 Summon Hydra             Summ           0%         N/A       100%        7
 Infestation              Necr           0%         N/A       100%        8
 Death's Door             Necr           0%         N/A       100%        9
 Fire Storm               Conj/Fire      0%         6d1       100%        9
 Polar Vortex             Ice            3%         N/A       100%        9

Inventory:

Hand Weapons
 r - the +7 spear of Antowat {drain, Drain rF+ Dex+4, polearm}
   (You found it on level 3 of the Dungeon)

   Dex+4:     It affects your dexterity (+4).
   rF+:       It protects you from fire.
   Drain:     It drains your maximum health when unequipped.
Armour
 a - the +6 fire dragon scales of Undesirable Species (worn) {rPois rF++ rC-}
   (You found it in a bailey)

   rF++:      It greatly protects you from fire.
   rC-:       It makes you vulnerable to cold.
   rPois:     It protects you from poison
 b - a +2 pair of boots of flying (worn)
   (You found it in a bailey)
 s - a scarf of repulsion (worn)
   (You found it on level 1 of the Snake Pit)
 C - the +3 pair of mountain boots {steadfast, rC+}
   (You bought it in a shop on level 2 of the Orcish Mines)

   Steadfast: It prevents involuntary movement, except for blinking,
   teleportation, or banishment.
   rC+:       It protects you from cold.
 O - the +0 helmet of the Armoured One (worn) {Will- rCorr Str+3 Int+3}
   (You found it in a Gauntlet)

   Str+3:     It affects your strength (+3).
   Int+3:     It affects your intelligence (+3).
   Will-:     It decreases your willpower.
   rCorr:     It protects you from acid and corrosion.
 Q - the +2 shield of Resistance (worn) {rF++ rC++ Will++}
   (You took it off a minotaur in a Gauntlet)

   rF++:      It greatly protects you from fire.
   rC++:      It greatly protects you from cold.
   Will++:    It greatly increases your willpower.
Jewellery
 k - the ring "Qeicaab" {rElec rPois rN+ Will+}
   (You found it in an ice cave)

   [ring of willpower]

   rElec:     It insulates you from electricity.
   rPois:     It protects you from poison rN+: It protects you from negative
   energy.
   Will+:     It increases your willpower.
 B - a ring of see invisible
   (You found it in an ossuary)
 G - a +6 ring of strength (right claw)
   (You bought it in a shop on level 4 of the Dungeon)
 H - the amulet of Tyig (around neck) {RegenMP rElec Dex+4}
   (You acquired it on level 5 of the Lair of Beasts)

   [amulet of magic regeneration]

   RegenMP:   It increases your rate of magic regeneration.
   Dex+4:     It affects your dexterity (+4).
   rElec:     It insulates you from electricity.
 I - the ring "Sakhih" {rPois Str+2}
   (You bought it in a shop on level 3 of the Dungeon)

   [ring of poison resistance]

   Str+2:     It affects your strength (+2).
   rPois:     It protects you from poison
 N - a ring of protection from fire
   (You took it off a salamander on level 4 of the Snake Pit)
 R - the ring of Usut (left claw) {rC+ Will+ rCorr Dex+3 Stlth+}
   (You took it off a minotaur in a Gauntlet)

   [ring of protection from cold]

   Dex+3:     It affects your dexterity (+3).
   rC+:       It protects you from cold.
   Will+:     It increases your willpower.
   rCorr:     It protects you from acid and corrosion.
   Stlth+:    It makes you more stealthy.
Wands
 l - a wand of acid (38)
   (You took it off Ijyb on level 5 of the Dungeon)
 U - a wand of digging (23)
   (You found it in a Gauntlet)
Scrolls
 f - 3 scrolls of summoning
 h - 3 scrolls of immolation {!r!r}
 i - 3 scrolls of poison
 m - 15 scrolls of teleportation {@r4}
 t - 8 scrolls of blinking {!r}
 v - 3 scrolls of fear
 w - 8 scrolls of enchant weapon
 x - 6 scrolls of amnesia
 y - 5 scrolls of vulnerability {!r!r}
 L - a scroll of enchant armour
 M - 5 scrolls of fog
 P - a scroll of identify {@r1}
Potions
 c - 3 potions of invisibility
 d - 11 potions of heal wounds {@q2}
 e - 2 potions of resistance
 g - 2 potions of ambrosia
 n - 9 potions of curing {@q1}
 o - 4 potions of cancellation
 p - 8 potions of attraction {!q}
 q - 3 potions of might
 u - 7 potions of mutation {!q}
 z - 4 potions of haste {@q3}
 A - 4 potions of brilliance
 D - 3 potions of berserk rage {!q}
 J - 2 potions of enlightenment
 K - 2 potions of magic
Miscellaneous
 j - a lightning rod (4/4)
   (You found it on level 1 of the Lair of Beasts)
 E - a sack of spiders (inert)
   (You found it on level 2 of the Snake Pit)
 F - a phial of floods
   (You found it on level 4 of the Lair of Beasts)
 S - a phantom mirror (inert)
   (You found it in a Gauntlet)
 T - a tin of tremorstones (1/2) {throwing}
   (You found it in a Gauntlet)

Dungeon Overview and Level Annotations

Branches:
Dungeon (15/15) Zot: 25654  Temple (0/1) D:5            Lair (5/5) D:8 Zot: 24430
 Shoals (4/4) Lair:3 Zot: 20484   Snake (4/4) Lair:3 Zot: 17595   Slime (0/5) Lair:4
    Orc (2/2) D:12 Zot: 10687     Elf (0/3) Orc:2        Vaults (1/5) D:14 Zot: 5929
 Depths (0/4) D:15        Ossuary (visited)          Bailey (visited)
  IceCv (visited)         Gauntlet (visited)

Altars:
Cheibriados
Dithmenos
Fedhas
Gozag
Hepliaklqana
Kikubaaqudgha
Makhleb
Okawaru
Qazlal
Ru
Trog
Vehumet
Yredelemnul
Jiyva

Shops:
D:3 =*   D:4 =   D:6 [   D:11 *   D:14 =   Orc:2 *![(   Shoals:1 *(   Snake:4 *

Annotations:
D:14 3 runed translucent doors, Koneso's ghost, journeyman DjCj

## ..# ...# #..#
#..# #.โ€
######+##
#..+).......
#.)#ยง# #..##@#
#. #9# #p#
#T#######
#pp......
#########p###.###
#.......#p#
#.......#c###
#.......#...#


You could see a vault warden, a yaktaur captain, an ironbound frostheart, a deep
troll, a war gargoyle (strong, catching breath), 2 vault sentinels and an
ironbound convoker (catching breath).


Message History

Octavia hits the ironbound convoker with a +0 quarterstaff.
The centaur warrior is engulfed in blazing flames.
The centaur warrior wields a +0 shortbow.
The centaur warrior shoots an arrow.
You block the arrow.
The ironbound convoker gestures at the war gargoyle while chanting.
The war gargoyle seems to grow stronger.
The centaur warrior unwields a +0 shortbow.
The centaur warrior hits you but does no damage.
You block the centaur warrior's attack.
The centaur warrior is engulfed in blazing flames.
The centaur warrior unwields a +0 shortbow.
The centaur warrior hits you but does no damage.
The centaur warrior misses you.
Octavia completely misses the ironbound convoker.
The ironbound convoker hits Octavia with a +0 great mace!!
Octavia is destroyed!
Things that are here:
a +0 shortbow {bow}; a centaur corpse; ๐Ÿ˜• HP[+2]
You now have 133 max hp (+2).
You regained 2 hp, and now have 120/133 hp.
You scratch the centaur warrior but do no damage.
The centaur warrior is engulfed in blazing flames.
You block the centaur warrior's attack. x2
The centaur warrior hits you but does no damage.
You block the centaur warrior's attack. ๐Ÿ˜• HP[+1]
You barely miss the centaur warrior.
The centaur warrior is engulfed in blazing flames.
The centaur warrior completely misses you.
You block the centaur warrior's attack.
The centaur warrior hits you but does no damage.
The centaur warrior kicks you but does no damage.
The centaur warrior barely misses you. The centaur warrior closely misses you.
The centaur warrior is engulfed in blazing flames.
The centaur warrior hits you but does no damage.
The centaur warrior closely misses you.
You mangle the centaur warrior!!
The war gargoyle launches metal splinters at you.
The spray of metal splinters hits you but does no damage.
The centaur warrior is engulfed in blazing flames.
You kill the centaur warrior!
The centaur warrior is engulfed in blazing flames.
The centaur warrior misses you. You block the centaur warrior's attack.
Your life force feels restored.
You now have 134 max hp (+1).
You claw the centaur warrior!
The war gargoyle launches metal splinters at you.
The spray of metal splinters is repelled.
The centaur warrior is engulfed in blazing flames.
You block the centaur warrior's attack. x2 ๐Ÿ˜• HP[+2]
You regained 2 hp, and now have 123/134 hp.
You scratch the centaur warrior but do no damage.
The centaur warrior is engulfed in blazing flames.
The centaur warrior hits you. You block the centaur warrior's attack.
You mangle the centaur warrior!!
The centaur warrior is engulfed in blazing flames.
You kill the centaur warrior!
A deep troll comes into view. ๐Ÿ˜• HP[+1]
The war gargoyle hits you with a +0 flail!
The war gargoyle launches metal splinters at you.
The spray of metal splinters is repelled.
The vault warden activates a sealing rune.
A door slams shut!
Things that are here:
a +0 shortbow of flaming {bow}; a potion of cancellation; a centaur corpse ๐Ÿ˜• HP[-16]
You take 16 damage, and now have 108/134 hp.
You claw the war gargoyle! The war gargoyle misses you.
The ironbound convoker begins to recite a word of recall! ๐Ÿ˜• HP[+1]
You barely miss the war gargoyle.
The war gargoyle hits you with a +0 flail!! ๐Ÿ˜ฎ HP[-30]
You take 30 damage, and now have 79/134 hp.
MASSIVE DAMAGE!! (PAUSE)
You barely miss the war gargoyle.
The war gargoyle is engulfed in blazing flames.
The war gargoyle hits you with a +0 flail!!
* * * LOW HITPOINT WARNING * * *
๐Ÿ˜จ HP[-34]
You take 34 damage, and now have 45/134 hp.
MASSIVE DAMAGE!! (PAUSE)
You claw the war gargoyle!
The war gargoyle is engulfed in blazing flames.
The war gargoyle launches metal splinters at you.
The spray of metal splinters is repelled. ๐Ÿ˜จ HP[+1]
As you read the scroll of teleportation {@r4}, it crumbles to dust.
You feel strangely unstable.
The ironbound frostheart is recalled.
The yaktaur captain is recalled.
The vault sentinel is recalled. x2
The war gargoyle is engulfed in blazing flames.
The war gargoyle hits you with a +0 flail!!!
* * * LOW HITPOINT WARNING * * *
An ironbound frostheart comes into view.
The ironbound frostheart calls freezing cold from the walls.
The frost grips you! You resist.
You die...

Skill      XL: |  1  2  3  4  5  6  7  8  9 10 11 12 13 14 15 16 17 18 |
---------------+-------------------------------------------------------+-----
Short Blades   | 1 2 |  2.0
Stealth        | 3 |  3.4
Ice Magic      | 1 |  1.3
Fighting       | 1 3 4 6 8 10 12 14 15 | 15.0
Polearms       | 1 2 3 6 9 10 11 12 | 12.0
Dodging        | 4 6 7 10 | 10.0
Armour         | 2 4 6 8 12 | 12.0
Invocations    | 8 10 | 10.0
Shields        | 10 13 14 | 14.0
Unarmed Combat | 5 12 14 | 14.6
Spellcasting   | |  2.0
Hexes          | |  3.6

Action                     |  1- 3 |  4- 6 |  7- 9 | 10-12 | 13-15 | 16-18 || total
---------------------------+-------+-------+-------+-------+-------+-------++-------
  Melee: Dagger            |   157 |    13 |       |       |       |       ||   170
         Punch             |     1 |     2 |     4 |     2 |       |       ||     9
         Spear             |       |   124 |   331 |   569 |  1313 |  1242 ||  3579
         Unarmed           |       |       |       |     4 |       |    65 ||    69
   Cast: Ensorcelled Hiber |     4 |     2 |       |       |       |       ||     6
 Invoke: Recall Ancestor   |       |       |     1 |     3 |     5 |       ||     9
         Ancestor Life: Ba |       |       |     1 |       |       |       ||     1
         Idealise          |       |       |       |     1 |     9 |    13 ||    23
  Evoke: Wand              |       |       |       |     3 |       |       ||     3
         Lightning rod     |       |       |       |       |     4 |       ||     4
         Sack of spiders   |       |       |       |       |       |     1 ||     1
         Phantom mirror    |       |       |       |       |       |     1 ||     1
         Tin of tremorston |       |       |       |       |       |     1 ||     1
    Use: Potion            |     1 |     1 |     2 |       |     2 |     2 ||     8
         Scroll            |       |    10 |     4 |    12 |     9 |     9 ||    44
   Stab: Sleeping          |    12 |     2 |     5 |     3 |    11 |    12 ||    45
         Invisible         |     2 |       |       |       |       |       ||     2
         Distracted        |       |     1 |     4 |    16 |    24 |    26 ||    71
         Petrified         |       |       |       |       |     3 |       ||     3
         Petrifying        |       |       |       |       |     2 |       ||     2
 Armour: Robe              |    63 |    57 |   114 |       |       |       ||   234
         Ring mail         |       |       |     5 |   151 |    89 |       ||   245
         Skin              |       |       |       |     2 |       |       ||     2
         Fire dragon scale |       |       |       |       |   282 |   371 ||   653
  Dodge: Dodged            |    81 |    62 |   121 |   158 |   336 |   358 ||  1116
         Repelled          |       |       |       |       |       |    29 ||    29
  Block: Other             |       |       |    23 |    12 |       |       ||    35
         Reflection        |       |       |       |    18 |     1 |       ||    19
         Tower shield      |       |       |       |    10 |       |       ||    10
         Kite shield       |       |       |       |       |   602 |   615 ||  1217

Levels and vault maps discovered:
D:1:      grunt_arrival_crossed_arrows, layout_basic
D:2:      layout_rooms
D:3:      layout_basic, serial_shops, shop, shop
D:4:      layout_rooms, nicolae_hepliaklqana_hazy_memory, serial_rivers,
          chequers_serial_rivers_room_b, chequers_serial_rivers_small_b,
          chequers_serial_rivers_micro_e, chequers_serial_rivers_micro_c,
          chequers_serial_rivers_large_b, serial_shops, kennysheep_mini,
          uniq_natasha
D:5:      layout_gridville, marbit_many_paths, kennysheep_mini_moat,
          general_overflow_altar, minmay_temple_entry_offerings,
          enter_ossuary_1, uniq_ijyb, uniq_duvessa, uniq_edmund, uniq_sigmund
D:6:      kennysheep_big_flooded_room, layout_rooms, serial_shops, shop,
          minmay_microvault
D:7:      layout_basic, grunt_gozag_breadcrumbs, grunt_temple_overflow_open,
          serial_undead, serial_undead_a, serial_undead_e, serial_undead_b,
          serial_undead_b, centaur_isle
D:8:      layout_loops_cross, mainiacjoe_overflow_paths, hellmonk_lair_entry_icy
D:9:      layout_loops_cross, nicolae_yredelemnul_ghost_church,
          roderic_serpentine_path
D:10:     layout_big_octagon, mainiacjoe_overflow_brackets,
          nicolae_ru_sacrificial_ziggurat, enter_bailey_5
D:11:     layout_loops_ring, nicolae_good_shop
D:12:     layout_roguey, orc_0_dummy, fedhas_altar_3
D:13:     layout_layer_cave, portal_ice_cave_rime
D:14:     layout_stronghold, grunt_vaults_entry_fortified, serial_shops,
          nicolae_shop_tiny_glass, maelrawn_ghost_gauntlet_escape,
          kiku_gazebo_pond_becter, grunt_qazlal_clouds
D:15:     grunt_enter_depths_magical_seal, layout_rooms,
          nicolae_triple_integral, uniq_agnes
Lair:1:   layout_roguey
Lair:2:   layout_regular_city, basic_altar, st_stairs_11, serial_bayou_shore_b,
          uniq_amaemon
Lair:3:   layout_layer_cave, elwin_shoals_entry_stream,
          nicolae_snake_entry_warm_welcome, grunt_megastairs_3,
          lemuel_fruit_tree
Lair:4:   layout_small_grid, dpeg_slime_entry_enclosed, gauntlet_entry_generic,
          serial_bayou_lagoon_b
Lair:5:   minmay_lair_end_enchanted_forest, layout_hall_layers,
          grunt_megastairs_1, serial_bayou_shore_b
Shoals:1: layout_shoals, serial_shops, nicolae_shop_window_shopping,
          nicolae_shop_clearance, uniq_josephine, uniq_jorgrun
Shoals:2: layout_shoals, nicolae_shoals_lost_giant_temple, uniq_roxanne,
          uniq_mlioglotl
Shoals:3: layout_shoals
Shoals:4: shoals_end_hellmonk_storm_palace [storm_palace_center_circular,
          storm_palace_corner_narrow, storm_palace_corner_reverse_hut,
          storm_palace_corner_grid, storm_palace_corner_pillars], serial_shops
Snake:1:  layout_basic, grunt_ministairs_10
Snake:2:  layout_grid_maze, st_stairs_3, nrook_loot_triangle
Snake:3:  layout_misc_corridors, hellmonk_ghost_happy_afterlife,
          serial_bayou_shore_b, uniq_vashnia
Snake:4:  snake_hunt, layout_layer_cave, special_room, drop_trap,
          grunt_megastairs_5, minmay_shop_star, serial_bayou_shore_a,
          uniq_nikola
Orc:1:    layout_caves, uniq_nergalle
Orc:2:    st_orc_rangers, layout_diamond_mine, basic_altar
Vaults:1: hangedman_vaults_corner, nicolae_vaults_what_the_h,
          nicolae_vaults_network_quinsquares
          [nicolae_vaults_network_quincunx_subvault,
          nicolae_vaults_network_quincunx_subvault,
          nicolae_vaults_network_quincunx_subvault,
          nicolae_vaults_network_quincunx_subvault],
          nicolae_vaults_display_case, v_misc_14,
          nicolae_vaults_more_shelving_1, nicolae_vaults_network_barrier,
          v_misc_19, grunt_vaults_twisty, vaults_room_semicircle,
          vaults_dpeg_emergency_exit, nicolae_vaults_tetromino_L_1,
          layout_vaults_omnibox, serial_shops, nicolae_shop_back_alley_shop,
          uniq_saint_roka, uniq_asterion

Notes
Turn   | Place    | Note
-------+----------+-------------------------------------------
     0 | D:1      | MackTheKnife the Demonspawn Enchanter began the quest for
                  | the Orb.
     0 | D:1      | Reached XP level 1. HP: 13/13 MP: 3/3
     0 | D:1      | magus.rc [v1.9.6]
    15 | D:1      | Reached skill level 1 in Short Blades
   246 | D:1      | Gained mutation: Your demonic aura sometimes causes spilled
                  | blood to erupt in flames. [demonic ancestry]
   246 | D:1      | Reached XP level 2. HP: 19/19 MP: 5/5
   264 | D:1      | Learned a level 2 spell: Ensorcelled Hibernation
   297 | D:1      | Reached skill level 3 in Stealth
  1231 | D:2      | Gained mutation: You have sharp fingernails. [demonic
                  | ancestry]
  1231 | D:2      | Reached XP level 3. HP: 24/24 MP: 6/6
  1498 | D:2      | Reached skill level 1 in Ice Magic
  2123 | D:3      | Learned a level 3 spell: Confusing Touch
  2185 | D:3      | Gained mutation: You regenerate a little health from kills.
                  | [demonic ancestry]
  2185 | D:3      | Reached XP level 4. HP: 21/30 MP: 7/7
  2244 | D:3      | Reached skill level 2 in Short Blades
  2326 | D:3      | Identified the +7 spear of Antowat {drain, Drain rF+ Dex+4}
  2343 | D:3      | Found Micuaf's Jewellery Shop.
  2393 | D:3      | Found Hiacag's Assorted Antiques.
  2798 | D:3      | Reached skill level 1 in Fighting
  2798 | D:3      | Reached skill level 1 in Polearms
  2806 | D:3      | Gained mutation: You have very sharp fingernails. [demonic
                  | ancestry]
  2806 | D:3      | Reached XP level 5. HP: 30/38 MP: 8/8
  2855 | D:4      | Found a hazy altar of Hepliaklqana.
  2863 | D:4      | Identified the +8 trident "Urolu" {heavy, rElec Int+3}
  2889 | D:4      | Became a worshipper of Hepliaklqana the Forgotten
  2909 | D:4      | You pick up a book of Death and begin reading...
  2909 | D:4      | You add the spells Animate Dead, Haunt and Infestation to
                  | your library.
  3048 | D:4      | Found Zasuolo's Jewellery Shop.
  3076 | D:4      | Noticed Natasha
  3476 | D:5      | Entered Level 5 of the Dungeon
  3476 | D:5      | Noticed Duvessa
  3476 | D:5      | Noticed Dowan
  3512 | D:5      | You pick up a book of Debilitation and begin reading...
  3512 | D:5      | You add the spells Slow, Sigil of Binding and Vampiric
                  | Draining to your library.
  3521 | D:5      | Found a sand-covered staircase.
  3530 | Ossuary  | Entered an ossuary
  3534 | Ossuary  | Reached * piety under Hepliaklqana
  3541 | Ossuary  | Reached skill level 2 in Fighting
  3557 | Ossuary  | Reached skill level 2 in Polearms
  3622 | Ossuary  | Reached skill level 3 in Fighting
  3622 | Ossuary  | Gained mutation: You are partially covered in yellow
                  | scales. (AC +2) [demonic ancestry]
  3622 | Ossuary  | Reached XP level 6. HP: 32/42 MP: 9/9
  3708 | Ossuary  | Reached skill level 3 in Polearms
  3762 | Ossuary  | Reached skill level 4 in Fighting
  3777 | Ossuary  | Gained mutation: Your demonic aura often causes spilled
                  | blood to erupt in flames. [demonic ancestry]
  3777 | Ossuary  | Reached XP level 7. HP: 46/48 MP: 10/10
  3789 | Ossuary  | Reached skill level 4 in Polearms
  3862 | Ossuary  | Reached skill level 5 in Polearms
  4078 | Ossuary  | Reached skill level 6 in Polearms
  4221 | D:5      | Gained mutation: Your demonic aura causes all spilled blood
                  | to erupt in flames. [demonic ancestry]
  4221 | D:5      | Reached XP level 8. HP: 54/54 MP: 11/11
  4317 | D:5      | You fall into a shaft and drop 3 floors!
  4409 | D:8      | Reached skill level 7 in Polearms
  4412 | D:8      | Noticed a rime drake
  4442 | D:8      | Reached skill level 8 in Polearms
  4504 | D:8      | Reached skill level 9 in Polearms
  4662 | D:7      | Reached XP level 9. HP: 58/58 MP: 12/12
  4672 | D:7      | Found an opulent altar of Gozag.
  4732 | D:7      | You pick up a book of Blood and begin reading...
  4732 | D:7      | You add the spells Sublimation of Blood, Wereblood and
                  | Summon Hydra to your library.
  4764 | D:7      | You pick up a book of Dreams and begin reading...
  4764 | D:7      | You add the spells Jinxbite and Anguish to your library.
  4852 | D:7      | Reached skill level 10 in Polearms
  4852 | D:7      | Reached skill level 2 in Dodging
  5130 | D:7      | Reached skill level 3 in Dodging
  5190 | D:7      | Found a bloodstained altar of Trog.
  5193 | D:7      | Found a burning altar of Makhleb.
  5193 | D:7      | Found a radiant altar of Vehumet.
  5226 | D:6      | Reached skill level 5 in Fighting
  5234 | D:5      | Found a snail-covered altar of Cheibriados.
  5265 | D:5      | Killed Duvessa
  5268 | D:5      | Killed Dowan
  5272 | D:5      | Reached ** piety under Hepliaklqana
  5273 | D:5      | Remembered your ancestor Octavia as a battlemage
  5300 | D:5      | Noticed Edmund
  5310 | D:5      | Killed Edmund
  5353 | D:5      | Reached skill level 4 in Dodging
  5357 | D:5      | Reached skill level 1 in Armour
  5601 | D:4      | Killed Natasha
  5602 | D:4      | Reached skill level 6 in Fighting
  5675 | D:5      | Noticed Sigmund
  5678 | D:5      | Killed Sigmund
  5679 | D:5      | Reached skill level 2 in Armour
  5749 | D:5      | Found a staircase to the Ecumenical Temple.
  5756 | D:5      | You pick up a book of the Hunter and begin reading...
  5756 | D:5      | You add the spells Call Canine Familiar, Dimensional
                  | Bullseye and Leda's Liquefaction to your library.
  5787 | D:5      | Found a shadowy altar of Dithmenos.
  5818 | D:5      | Gained mutation: You are mostly covered in yellow scales.
                  | (AC +3) [demonic ancestry]
  5818 | D:5      | Reached XP level 10. HP: 68/68 MP: 13/13
  5986 | D:5      | Noticed Ijyb
  5990 | D:5      | Killed Ijyb
  6084 | D:5      | Reached skill level 5 in Dodging
  6141 | D:4      | Noticed Natasha
  6150 | D:4      | Killed Natasha
  6257 | D:3      | Bought the ring "Sakhih" {rPois Str+2} for 312 gold pieces
  6365 | D:6      | Reached skill level 3 in Armour
  6371 | D:6      | Noticed a gargoyle
  6384 | D:6      | Killed a gargoyle
  6632 | D:6      | Reached skill level 4 in Armour
  6636 | D:6      | Reached skill level 6 in Dodging
  6682 | D:6      | Found Nidevvuy's Armour Emporium.
  6767 | D:6      | Reached *** piety under Hepliaklqana
  7305 | D:7      | Reached skill level 7 in Fighting
  7993 | D:8      | Found a staircase to the Lair.
  8101 | D:8      | Noticed a cyclops
  8115 | D:8      | Killed a cyclops
  8116 | D:8      | Reached skill level 11 in Polearms
  8486 | D:9      | Reached skill level 8 in Fighting
  8488 | D:9      | Reached XP level 11. HP: 77/77 MP: 14/14
  8832 | D:9      | Found a runed translucent gate.
  8832 | D:9      | Found a runed translucent gate.
  8832 | D:9      | Found a runed translucent gate.
  8832 | D:9      | Noticed Samael12321's ghost (novice TrSh)
  8834 | D:9      | Found a basalt altar of Yredelemnul.
  8864 | D:9      | Killed Samael12321's ghost
  9018 | D:9      | You add the spells Gell's Gravitas, Teleport Other and
                  | Dispersal to your library.
  9280 | D:9      | Reached skill level 9 in Fighting
  9545 | D:10     | Entered Level 10 of the Dungeon
  9584 | D:10     | Found a flagged portal.
  9597 | Bailey   | Entered a bailey
  9605 | Bailey   | Reached **** piety under Hepliaklqana
  9729 | Bailey   | Noticed an orc knight
  9729 | Bailey   | Noticed an orc knight
  9741 | Bailey   | Reached skill level 1 in Invocations
  9747 | Bailey   | Killed an orc knight
  9748 | Bailey   | Reached skill level 12 in Polearms
  9748 | Bailey   | Reached skill level 2 in Invocations
  9884 | Bailey   | Killed an orc knight
  9885 | Bailey   | Reached skill level 3 in Invocations
  9963 | Bailey   | Identified the +6 fire dragon scales of Undesirable Species
                  | {rPois rF++ rC-}
 10066 | D:10     | You pick up a book of Minor Magic and begin reading...
 10066 | D:10     | You add the spells Magic Dart, Call Imp and Mephitic Cloud
                  | to your library.
 10088 | D:10     | You pick up a book of the Tundra and begin reading...
 10088 | D:10     | You add the spells Hailstorm, Summon Ice Beast and
                  | Simulacrum to your library.
 10142 | D:10     | Reached skill level 10 in Fighting
 10149 | D:10     | Reached skill level 4 in Invocations
 10152 | D:10     | Found a sacrificial altar of Ru.
 10283 | D:10     | Noticed a two-headed ogre
 10292 | D:10     | Reached skill level 5 in Invocations
 10292 | D:10     | Killed a two-headed ogre
 10293 | D:10     | Reached skill level 6 in Invocations
 10440 | D:10     | Found an iron altar of Okawaru.
 10611 | Lair:1   | Entered Level 1 of the Lair of Beasts
 10679 | Lair:1   | Reached skill level 7 in Invocations
 10823 | Lair:1   | You pick up a book of Alchemy and begin reading...
 10823 | Lair:1   | You add the spells Petrify and Irradiate to your library.
 10850 | Lair:1   | Reached skill level 8 in Invocations
 10875 | Lair:1   | Gained mutation: You punish those that try to bend your
                  | will. (Will+) [demonic ancestry]
 10875 | Lair:1   | Reached XP level 12. HP: 58/87 MP: 18/18
 10982 | Lair:1   | Reached skill level 9 in Invocations
 11107 | Lair:1   | Reached skill level 10 in Invocations
 11317 | Lair:1   | Reached ***** piety under Hepliaklqana
 11512 | Lair:2   | Found a sacrificial altar of Ru.
 11878 | Lair:2   | Noticed Amaemon
 11882 | Lair:2   | Reached skill level 5 in Armour
 11891 | Lair:2   | Killed Amaemon
 12254 | Lair:3   | Reached skill level 11 in Fighting
 12261 | Lair:3   | Reached skill level 6 in Armour
 12316 | Lair:3   | You pick up a book of Callings and begin reading...
 12316 | Lair:3   | You add the spells Summon Small Mammal and Summon Guardian
                  | Golem to your library.
 12507 | Lair:3   | Reached skill level 12 in Fighting
 12690 | Lair:3   | Identified the +1 dagger "Biyleipe" {heavy, Dex+2}
 12741 | Lair:3   | Reached skill level 7 in Dodging
 12806 | Lair:3   | Found a staircase to the Snake Pit.
 13007 | Lair:3   | Found a staircase to the Shoals.
 13619 | Lair:4   | Gained mutation: You have claws for hands. [demonic
                  | ancestry]
 13619 | Lair:4   | Reached XP level 13. HP: 88/97 MP: 20/20
 13640 | Lair:4   | You are sucked into a shaft and drop 1 floor!
 13640 | Lair:5   | Entered Level 5 of the Lair of Beasts
 13660 | Lair:5   | Reached skill level 8 in Dodging
 13730 | Lair:5   | Reached skill level 9 in Dodging
 13804 | Lair:4   | Reached skill level 10 in Dodging
 13824 | Lair:4   | Reached skill level 13 in Fighting
 13915 | Lair:4   | Found a gate leading to a gauntlet.
 13924 | Gauntlet | Entered a Gauntlet
 13924 | Gauntlet | Found a transporter.
 14007 | Gauntlet | Found a transporter.
 14008 | Gauntlet | Found a transporter.
 14009 | Gauntlet | Found a transporter.
 14017 | Gauntlet | Found a transporter.
 14020 | Gauntlet | Found a transporter.
 14021 | Gauntlet | Found a transporter.
 14030 | Gauntlet | Found a transporter.
 14033 | Gauntlet | Found a transporter.
 14034 | Gauntlet | Found a transporter.
 14045 | Gauntlet | Found a transporter.
 14045 | Gauntlet | Found a transporter.
 14046 | Gauntlet | Found a transporter.
 14055 | Gauntlet | Found a transporter.
 14095 | Gauntlet | Found a runed translucent door.
 14229 | Gauntlet | Reached skill level 14 in Fighting
 14245 | Gauntlet | You pick up a book of Air and begin reading...
 14245 | Gauntlet | You add the spells Shock, Swiftness and Airstrike to your
                  | library.
 14761 | Gauntlet | Identified the +0 helmet of the Armoured One {Will- rCorr
                  | Str+3 Int+3}
 14775 | Gauntlet | Identified the +9 rapier "Zazeosiu" {flame, rElec rCorr}
 14775 | Gauntlet | Identified the ring of Usut {rC+ Will+ rCorr Dex+3 Stlth+}
 14775 | Gauntlet | Noticed a minotaur
 14775 | Gauntlet | a minotaur comes into view. It is wielding the +9 rapier
                  | "Zazeosiu" {flame, rElec rCorr}, wearing a +2 plate armour
                  | of positive energy, wearing the +2 shield of Resistance
                  | {rF++ rC++ Will++} and wearing the ring of Usut {rC+ Will+
                  | rCorr Dex+3 Stlth+}.
 14776 | Gauntlet | Aim: a minotaur, wielding the +9 rapier "Zazeosiu" {flame,
                  | rElec rCorr}, wearing a +2 plate armour of positive energy,
                  | wearing the +2 shield of Resistance {rF++ rC++ Will++},
                  | wearing the ring of Usut {rC+ Will+ rCorr Dex+3 Stlth+} and
                  | quivering javelins (flame, moderately wounded, ally target)
 14776 | Gauntlet | Aim: a minotaur, wielding the +9 rapier "Zazeosiu" {flame,
                  | rElec rCorr}, wearing a +2 plate armour of positive energy,
                  | wearing the +2 shield of Resistance {rF++ rC++ Will++},
                  | wearing the ring of Usut {rC+ Will+ rCorr Dex+3 Stlth+} and
                  | quivering javelins (flame, moderately wounded, ally target)
 14777 | Gauntlet | Aim: a minotaur, wielding the +9 rapier "Zazeosiu" {flame,
                  | rElec rCorr}, wearing a +2 plate armour of positive energy,
                  | wearing the +2 shield of Resistance {rF++ rC++ Will++},
                  | wearing the ring of Usut {rC+ Will+ rCorr Dex+3 Stlth+} and
                  | quivering javelins (flame, moderately wounded, ally target)
 14777 | Gauntlet | Aim: a minotaur, wielding the +9 rapier "Zazeosiu" {flame,
                  | rElec rCorr}, wearing a +2 plate armour of positive energy,
                  | wearing the +2 shield of Resistance {rF++ rC++ Will++},
                  | wearing the ring of Usut {rC+ Will+ rCorr Dex+3 Stlth+} and
                  | quivering javelins (flame, moderately wounded, ally target)
 14778 | Gauntlet | Aim: a minotaur, wielding the +9 rapier "Zazeosiu" {flame,
                  | rElec rCorr}, wearing a +2 plate armour of positive energy,
                  | wearing the +2 shield of Resistance {rF++ rC++ Will++},
                  | wearing the ring of Usut {rC+ Will+ rCorr Dex+3 Stlth+} and
                  | quivering javelins (heavily wounded, ally target, haloed)
 14778 | Gauntlet | Aim: a minotaur, wielding the +9 rapier "Zazeosiu" {flame,
                  | rElec rCorr}, wearing a +2 plate armour of positive energy,
                  | wearing the +2 shield of Resistance {rF++ rC++ Will++},
                  | wearing the ring of Usut {rC+ Will+ rCorr Dex+3 Stlth+} and
                  | quivering javelins (heavily wounded, ally target, haloed)
 14779 | Gauntlet | Aim: a minotaur, wielding the +9 rapier "Zazeosiu" {flame,
                  | rElec rCorr}, wearing a +2 plate armour of positive energy,
                  | wearing the +2 shield of Resistance {rF++ rC++ Will++},
                  | wearing the ring of Usut {rC+ Will+ rCorr Dex+3 Stlth+} and
                  | quivering javelins (heavily wounded, wandering, hasn't
                  | noticed you, haloed)
 14779 | Gauntlet | Aim: a minotaur, wielding the +9 rapier "Zazeosiu" {flame,
                  | rElec rCorr}, wearing a +2 plate armour of positive energy,
                  | wearing the +2 shield of Resistance {rF++ rC++ Will++},
                  | wearing the ring of Usut {rC+ Will+ rCorr Dex+3 Stlth+} and
                  | quivering javelins (heavily wounded, wandering, hasn't
                  | noticed you, haloed)
 14781 | Gauntlet | Aim: a minotaur, wielding the +9 rapier "Zazeosiu" {flame,
                  | rElec rCorr}, wearing a +2 plate armour of positive energy,
                  | wearing the +2 shield of Resistance {rF++ rC++ Will++},
                  | wearing the ring of Usut {rC+ Will+ rCorr Dex+3 Stlth+} and
                  | quivering javelins (severely wounded, haloed, about 3% to
                  | evade the +7 spear of Antowat)
 14781 | Gauntlet | Aim: a minotaur, wielding the +9 rapier "Zazeosiu" {flame,
                  | rElec rCorr}, wearing a +2 plate armour of positive energy,
                  | wearing the +2 shield of Resistance {rF++ rC++ Will++},
                  | wearing the ring of Usut {rC+ Will+ rCorr Dex+3 Stlth+} and
                  | quivering javelins (severely wounded, haloed, about 3% to
                  | evade the +7 spear of Antowat)
 14782 | Gauntlet | Aim: a minotaur, wielding the +9 rapier "Zazeosiu" {flame,
                  | rElec rCorr}, wearing a +2 plate armour of positive energy,
                  | wearing the +2 shield of Resistance {rF++ rC++ Will++},
                  | wearing the ring of Usut {rC+ Will+ rCorr Dex+3 Stlth+} and
                  | quivering javelins (almost dead, haloed, about 3% to evade
                  | the +7 spear of Antowat)
 14782 | Gauntlet | Aim: a minotaur, wielding the +9 rapier "Zazeosiu" {flame,
                  | rElec rCorr}, wearing a +2 plate armour of positive energy,
                  | wearing the +2 shield of Resistance {rF++ rC++ Will++},
                  | wearing the ring of Usut {rC+ Will+ rCorr Dex+3 Stlth+} and
                  | quivering javelins (almost dead, haloed, about 3% to evade
                  | the +7 spear of Antowat)
 14783 | Gauntlet | Aim: a minotaur, wielding the +9 rapier "Zazeosiu" {flame,
                  | rElec rCorr}, wearing a +2 plate armour of positive energy,
                  | wearing the +2 shield of Resistance {rF++ rC++ Will++},
                  | wearing the ring of Usut {rC+ Will+ rCorr Dex+3 Stlth+} and
                  | quivering javelins (almost dead, lightly drained, haloed,
                  | about 3% to evade the +7 spear of Antowat)
 14783 | Gauntlet | Aim: a minotaur, wielding the +9 rapier "Zazeosiu" {flame,
                  | rElec rCorr}, wearing a +2 plate armour of positive energy,
                  | wearing the +2 shield of Resistance {rF++ rC++ Will++},
                  | wearing the ring of Usut {rC+ Will+ rCorr Dex+3 Stlth+} and
                  | quivering javelins (almost dead, lightly drained, haloed,
                  | about 3% to evade the +7 spear of Antowat)
 14784 | Gauntlet | Aim: a minotaur, wielding the +9 rapier "Zazeosiu" {flame,
                  | rElec rCorr}, wearing a +2 plate armour of positive energy,
                  | wearing the +2 shield of Resistance {rF++ rC++ Will++},
                  | wearing the ring of Usut {rC+ Will+ rCorr Dex+3 Stlth+} and
                  | quivering javelins (almost dead, lightly drained, haloed,
                  | about 3% to evade the +7 spear of Antowat)
 14784 | Gauntlet | Aim: a minotaur, wielding the +9 rapier "Zazeosiu" {flame,
                  | rElec rCorr}, wearing a +2 plate armour of positive energy,
                  | wearing the +2 shield of Resistance {rF++ rC++ Will++},
                  | wearing the ring of Usut {rC+ Will+ rCorr Dex+3 Stlth+} and
                  | quivering javelins (almost dead, lightly drained, haloed,
                  | about 3% to evade the +7 spear of Antowat)
 14785 | Gauntlet | Aim: a minotaur, wielding the +9 rapier "Zazeosiu" {flame,
                  | rElec rCorr}, wearing a +2 plate armour of positive energy,
                  | wearing the +2 shield of Resistance {rF++ rC++ Will++},
                  | wearing the ring of Usut {rC+ Will+ rCorr Dex+3 Stlth+} and
                  | quivering javelins (almost dead, lightly drained, haloed,
                  | about 3% to evade the +7 spear of Antowat)
 14785 | Gauntlet | Aim: a minotaur, wielding the +9 rapier "Zazeosiu" {flame,
                  | rElec rCorr}, wearing a +2 plate armour of positive energy,
                  | wearing the +2 shield of Resistance {rF++ rC++ Will++},
                  | wearing the ring of Usut {rC+ Will+ rCorr Dex+3 Stlth+} and
                  | quivering javelins (almost dead, lightly drained, haloed,
                  | about 3% to evade the +7 spear of Antowat)
 14785 | Gauntlet | Killed a minotaur
 14786 | Gauntlet | Gained mutation: You are completely covered in yellow
                  | scales. (AC +4, rCorr) [demonic ancestry]
 14786 | Gauntlet | Reached XP level 14. HP: 92/108 MP: 17/21
 14834 | Gauntlet | Got the Vademecum on Spellbinding
 14890 | Lair:4   | Reached skill level 1 in Shields
 14997 | Lair:4   | Reached skill level 2 in Shields
 15372 | Lair:4   | Found a viscous altar of Jiyva.
 15373 | Lair:4   | Found a staircase to the Slime Pits.
 15475 | Lair:4   | Reached skill level 3 in Shields
 16010 | Lair:5   | Reached skill level 4 in Shields
 16422 | Lair:5   | Reached skill level 5 in Shields
 16583 | Lair:5   | Reached skill level 6 in Shields
 16606 | Lair:5   | Reached skill level 7 in Shields
 16800 | Lair:5   | Identified a scroll of acquirement
 16800 | Lair:5   | Acquired the amulet of Tyig {RegenMP rElec Dex+4}
 16806 | Lair:5   | Reached skill level 8 in Shields
 17037 | D:11     | You pick up a book of Sloth and begin reading...
 17407 | D:11     | Found Ithud's Hallowed Reliquary.
 17412 | D:11     | Noticed an angel
 17417 | D:11     | Bought 2 potions of heal wounds for 170 gold pieces
 17417 | D:11     | Bought a potion of heal wounds for 85 gold pieces
 17417 | D:11     | Bought a potion of heal wounds for 85 gold pieces
 17714 | D:12     | Identified the +1 orcbow "Ydofer" {drain, Drain Str+3 Int-4
                  | Dex+7}
 17815 | D:12     | Found a blossoming altar of Fedhas.
 17826 | D:12     | Found a staircase to the Orcish Mines.
 18171 | Orc:1    | Entered Level 1 of the Orcish Mines
 18173 | Orc:1    | Noticed Nergalle
 18185 | Orc:1    | Reached skill level 9 in Shields
 18300 | Orc:1    | Killed Nergalle
 18464 | Orc:2    | Entered Level 2 of the Orcish Mines
 18464 | Orc:2    | Found a staircase to the Elven Halls.
 18582 | Orc:2    | Found a radiant altar of Vehumet.
 19073 | Orc:2    | Reached skill level 10 in Shields
 19087 | Orc:2    | Found Zeogyis's Distillery.
 19087 | Orc:2    | Found Asut's Antique Armour Boutique.
 19114 | Orc:2    | Found Fois's Weapon Shop.
 19129 | Orc:2    | Found Dineut's General Store.
 19138 | Orc:2    | Bought a scroll of identify for 30 gold pieces
 19149 | Orc:2    | Bought the +3 pair of mountain boots {steadfast, rC+} for
                  | 1139 gold pieces
 19149 | Orc:2    | Found the +3 pair of mountain boots {steadfast, rC+}
 19676 | D:13     | You add the spells Blink and Manifold Assault to your
                  | library.
 19783 | D:13     | Reached XP level 15. HP: 108/114 MP: 22/22
 19800 | D:13     | Reached ****** piety under Hepliaklqana
 19820 | D:13     | Found a frozen archway.
 19874 | IceCv    | Entered an ice cave
 20137 | IceCv    | Identified a +0 crystal plate armour of cold resistance
 20161 | IceCv    | Reached skill level 11 in Shields
 20170 | IceCv    | Identified the ring "Qeicaab" {rElec rPois rN+ Will+}
 20223 | IceCv    | s - a +0 crystal plate armour of cold resistance {rare=g}
 20229 | IceCv    | You add the spells Sandblast, Iskenderun's Battlesphere and
                  | Orb of Destruction to your library.
 20229 | IceCv    | Got the Discourse on Energetic Amathomancy
 20233 | IceCv    | You add the spells Freeze, Freezing Cloud and Polar Vortex
                  | to your library.
 20233 | IceCv    | Got the Papyrus of the Winter
 21005 | D:13     | Identified the +1 pair of gloves of the Constellations
                  | {+Inv Int+3 Stlth+}
 21222 | D:13     | You pick up a book of Frost and begin reading...
 21537 | D:14     | Found an ancient bone altar of Kikubaaqudgha.
 21552 | D:14     | Noticed Koneso's ghost (journeyman DjCj)
 21568 | D:14     | Found a runed translucent gate.
 21576 | D:14     | Found a runed translucent gate.
 21576 | D:14     | Found a runed translucent gate.
 21656 | D:14     | Found Ynoav's Jewellery Shoppe.
 21736 | D:14     | Reached skill level 12 in Shields
 21806 | D:14     | Found a gate to the Vaults.
 22007 | D:14     | Found a stormy altar of Qazlal.
 22451 | D:14     | Reached skill level 15 in Fighting
 22491 | D:14     | You pick up a book of Misfortune and begin reading...
 22491 | D:14     | You add the spells Inner Flame, Yara's Violent Unravelling
                  | and Enfeeble to your library.
 22797 | D:15     | Entered Level 15 of the Dungeon
 22797 | D:15     | Noticed Agnes
 22809 | D:14     | Killed Agnes
 22810 | D:14     | Reached skill level 7 in Armour
 23528 | D:15     | Reached skill level 8 in Armour
 23528 | D:15     | Reached skill level 13 in Shields
 23558 | D:15     | Found a staircase to the Depths.
 23766 | Lair:1   | magus.rc [v1.9.6]
 23766 | Lair:1   | magus.rc [v1.9.6]
 23829 | Snake:1  | Entered Level 1 of the Snake Pit
 24032 | Snake:1  | Reached XP level 16. HP: 122/122 MP: 23/23
 24556 | Snake:1  | Reached skill level 9 in Armour
 25556 | Snake:2  | Reached skill level 14 in Shields
 25825 | Snake:2  | Reached skill level 10 in Armour
 26293 | D:4      | Bought a +6 ring of strength for 360 gold pieces
 26691 | Snake:3  | Reached skill level 11 in Armour
 26744 | Snake:3  | You pick up a book of the Earth and begin reading...
 26744 | Snake:3  | You add the spells Lee's Rapid Deconstruction and Bombard
                  | to your library.
 26870 | Snake:3  | Noticed Vashnia
 26912 | Snake:3  | Reached skill level 12 in Armour
 26920 | Snake:3  | Reached skill level 1 in Unarmed Combat
 26944 | Snake:3  | Killed Vashnia
 26945 | Snake:3  | Reached skill level 2 in Unarmed Combat
 27070 | Snake:3  | Reached skill level 3 in Unarmed Combat
 27084 | Snake:3  | You pick up a book of Necromancy and begin reading...
 27084 | Snake:3  | You add the spells Necrotise and Agony to your library.
 27124 | Snake:3  | Noticed Bihet's ghost (journeyman MiFi)
 27126 | Snake:3  | Found a runed translucent door.
 27217 | Snake:3  | Killed Bihet's ghost
 27580 | Snake:4  | Entered Level 4 of the Snake Pit
 27597 | Snake:3  | Reached skill level 4 in Unarmed Combat
 28036 | Snake:4  | Reached skill level 5 in Unarmed Combat
 28303 | Snake:4  | Found Anyo's General Store.
 28318 | Snake:4  | Bought a scroll of teleportation for 36 gold pieces
 28329 | Snake:4  | Gained mutation: You are resistant to unholy torment.
                  | [demonic ancestry]
 28329 | Snake:4  | Reached XP level 17. HP: 127/127 MP: 24/24
 28340 | Snake:4  | Reached skill level 6 in Unarmed Combat
 28363 | Snake:4  | You pick up a book of Frost and begin reading...
 28763 | Snake:4  | Reached skill level 7 in Unarmed Combat
 29421 | Snake:4  | Reached skill level 8 in Unarmed Combat
 29503 | Snake:4  | Noticed Nikola
 29947 | Snake:3  | Reached skill level 9 in Unarmed Combat
 30350 | Snake:4  | Killed Nikola
 30351 | Snake:4  | Reached skill level 10 in Unarmed Combat
 30401 | Snake:4  | Got a serpentine rune of Zot
 30863 | Lair:3   | magus.rc [v1.9.6]
 30917 | Shoals:1 | Entered Level 1 of the Shoals
 30930 | Shoals:1 | Noticed Jorgrun
 30939 | Shoals:1 | Killed Jorgrun
 30985 | Shoals:1 | Noticed Josephine
 31002 | Shoals:1 | Killed Josephine
 31050 | Shoals:1 | Reached skill level 11 in Unarmed Combat
 31131 | Shoals:1 | You add the spells Sting, Poisonous Vapours and Olgreb's
                  | Toxic Radiance to your library.
 31463 | Shoals:1 | Found Cyweush's CLEARANCE SALE!.
 31538 | Shoals:1 | Bought 3 scrolls of identify for 42 gold pieces
 31704 | Shoals:1 | Found Poed's Weapon Boutique.
 32281 | Shoals:2 | Identified the +2 whip of the Eternal Void {vamp, rElec rC+
                  | Will- Int+4}
 32320 | Shoals:2 | Identified the +9 war axe of Contradiction {flame, rElec
                  | Will+ Str+3}
 32347 | Shoals:2 | Reached skill level 12 in Unarmed Combat
 32419 | Shoals:2 | Noticed Mlioglotl
 32435 | Shoals:2 | Paralysed by accursed screaming for 1 turns
 32437 | Shoals:2 | Killed Mlioglotl
 32583 | Shoals:2 | Noticed Roxanne
 32609 | Shoals:2 | Killed Roxanne
 33131 | Shoals:3 | Reached XP level 18. HP: 106/134 MP: 21/25
 33165 | Shoals:3 | You add the spells Ignite Poison, Animate Armour and
                  | Borgnjor's Vile Clutch to your library.
 33165 | Shoals:3 | Got the Omnibus of the Changed Mesa
 33343 | Shoals:3 | Reached skill level 13 in Unarmed Combat
 33877 | Shoals:3 | You add the spells Fire Storm and Death's Door to your
                  | library.
 33877 | Shoals:3 | Got the Information on the Spectral Volcano
 34204 | Shoals:4 | Entered Level 4 of the Shoals
 34215 | Shoals:4 | Paralysed by an air elemental for 1 turns
 34351 | Shoals:4 | Paralysed by a formless jellyfish for 1 turns
 34360 | Shoals:4 | HP: 22/116 [titan (34)]
 34364 | Shoals:4 | Reached skill level 14 in Unarmed Combat
 34834 | Vaults:1 | Entered Level 1 of the Vaults
 34980 | Vaults:1 | Noticed Asterion
 34989 | Vaults:1 | Killed Asterion
 35010 | Vaults:1 | HP: 8/134 [war gargoyle/+0 flail (38)]
 35010 | Vaults:1 | Killed from afar by an ironbound frostheart

Vanquished Creatures
  Vashnia (Snake:3)
  Nikola (Snake:4)
  Asterion (Vaults:1)
  Jorgrun (Shoals:1)
  Mlioglotl (Shoals:2)
  Agnes (D:14)
  A kraken (Shoals:3)
  6 nagarajas
  The ghost of Bihet the Severer, a journeyman MiFi of Okawaru (Snake:3)
  A formless jellyfish (Shoals:4)
  A minotaur (Gauntlet)
  5 merfolk javelineers
  3 merfolk impalers
  Josephine (Shoals:1)
  4 vault guards (D:14)
  4 hydras
  5 salamander tyrants
  A catoblepas (Lair:5)
  A merfolk avatar (Shoals:4)
  The ghost of Samael12321 the Mimic, a novice TrSh of Ru (D:9)
  6 centaur warriors
  6 anacondas
  A satyr (Shoals:3)
  5 death yaks (Lair:4)
  2 occultists (D:15)
  16 naga warriors
  5 shock serpents
  Nergalle (Orc:1)
  17 naga sharpshooters
  4 skysharks
  2 skeletal warriors (D:14)
  Amaemon (Lair:2)
  2 deep trolls
  7 sea snakes
  3 salamander mystics
  5 orc knights
  3 naga ritualists
  7 mana vipers
  A deep elf pyromancer (D:14)
  3 orc sorcerers
  An oklob plant (Lair:4)
  5 fauns
  17 ugly things
  13 elephants
  2 large abominations (Gauntlet)
  A moth of wrath (Gauntlet)
  5 manticores
  A shining eye (Gauntlet)
  A merfolk siren (Shoals:4)
  2 cyclopes
  4 kobold blastminers (Orc:2)
  29 black mambas
  7 salamanders
  5 guardian serpents
  8 naga magi
  4 water nymphs
  9 cane toads
  An unseen horror (D:12)
  3 centaur skeletons (D:15)
  A gargoyle (D:6)
  4 kobold demonologists
  6 komodo dragons
  3 yaktaurs
  9 rime drakes
  A tengu conjurer (D:15)
  An anaconda simulacrum (IceCv)
  6 polar bears (Lair:5)
  17 merfolk
  2 wind drakes
  6 hornets
  4 trolls
  5 blink frogs (Lair:4)
  2 glass eyes (Gauntlet)
  4 dream sheep
  9 slime creatures
  Sigmund (D:5)
  3 water elementals
  15 spriggans (Lair:5)
  An air elemental (Shoals:4)
  4 wraiths
  A shadow (D:11)
  3 wyverns
  7 basilisks
  35 yaks
  2 humans (D:14)
  Edmund (D:5)
  2 steam dragons
  2 vampire mosquitoes (D:13)
  A redback (Gauntlet)
  A warg (Orc:2)
  17 nagas
  2 acid dragons
  Duvessa (D:5)
  15 water moccasins
  36 orc warriors
  2 hornet zombies
  3 ice beasts (D:8)
  3 black bears
  5 ogres
  36 wolves
  18 centaurs
  3 boggarts (Lair:5)
  A phantom (D:5)
  5 kobold brigands
  12 bullfrogs
  A wyvern zombie (Ossuary)
  2 scorpions
  3 two-headed ogre simulacra (IceCv)
  2 cane toad simulacra (IceCv)
  2 small abominations (Gauntlet)
  10 wights (D:7)
  2 elephant simulacra (IceCv)
  7 killer bees
  2 electric eels
  A howler monkey (D:13)
  3 lava snakes (Lair:3)
  7 bullfrog zombies (Ossuary)
  3 centaur zombies
  A gnoll bouda (D:7)
  4 hounds
  5 orc priests
  2 jellies
  A boggart zombie (D:15)
  2 iguanas
  Natasha (D:4)
  10 orc wizards
  Ijyb (D:5)
  2 hell rats (Lair:4)
  2 spriggan simulacra (IceCv)
  A troll simulacrum (IceCv)
  A wolf simulacrum (IceCv)
  7 killer bee zombies
  10 mummies (Ossuary)
  8 gnolls
  A howler monkey zombie (Ossuary)
  3 naga simulacra (IceCv)
  4 adders
  3 white imps
  11 ufetubi
  A worm (D:3)
  70 orcs
  9 endoplasms
  2 giant cockroaches
  4 goblins
  7 hobgoblins
  5 jackals
  3 quokkas
  5 ball pythons
  4 bats
  2 frilled lizards
  15 kobolds
  5 rats
831 creatures vanquished.

Vanquished Creatures (collateral kills)
  A titan (Shoals:4)
  A kraken (Shoals:3)
  A nagaraja (Snake:4)
  Roxanne (Shoals:2)
  A reaper (IceCv)
  An ironbound preserver (Vaults:1)
  5 merfolk impalers
  A merfolk javelineer (Shoals:4)
  A rakshasa (D:15)
  A salamander tyrant (Snake:4)
  2 boulder beetles
  2 anacondas
  A satyr (Shoals:3)
  2 catoblepae
  A hydra (Lair:5)
  2 two-headed ogres
  A naga warrior (Snake:4)
  2 shock serpents
  A naga sharpshooter (Snake:1)
  3 skysharks
  3 skeletal warriors (D:14)
  A salamander mystic (Snake:4)
  3 sea snakes
  3 naga ritualists
  A deep troll (Vaults:1)
  2 orc knights
  A deep elf archer (D:14)
  A necromancer (D:15)
  2 mana vipers
  6 cyclopes
  2 elephants
  An ugly thing (D:13)
  5 salamanders
  A merfolk siren (Lair:3)
  A moth of wrath (Gauntlet)
  3 fauns
  5 manticores
  A large abomination (Gauntlet)
  2 guardian serpents (Snake:4)
  2 water nymphs
  A kobold blastminer (Orc:2)
  An ice statue (IceCv)
  A cane toad (Lair:3)
  8 black mambas
  3 naga magi
  An orange demon (Lair:2)
  A kobold demonologist (D:11)
  A freezing wraith (D:15)
  An anaconda simulacrum (IceCv)
  A rime drake (Lair:3)
  A komodo dragon (Lair:4)
  A harpy zombie (D:15)
  2 hornets (Lair:5)
  2 polar bears (shapeshifter) (D:15)
  10 merfolk
  4 wind drakes
  A dream sheep (Shoals:3)
  4 snapping turtles
  3 slime creatures
  3 wraiths
  An air elemental (Shoals:4)
  14 yaks
  3 water elementals
  A wyvern (Lair:5)
  A small abomination (Gauntlet)
  A basilisk (Lair:3)
  3 death yak simulacra (IceCv)
  2 redbacks (Gauntlet)
  15 nagas
  A hydra simulacrum (IceCv)
  3 water moccasins
  An ice beast (D:5)
  4 orc warriors
  A boggart (Lair:5)
  An ogre (Orc:2)
  4 centaurs
  14 wolves
  2 phantoms (D:5)
  A bullfrog (Lair:2)
  2 two-headed ogre simulacra (IceCv)
  A water moccasin zombie (Ossuary)
  A wight (D:7)
  Dowan (D:5)
  6 electric eels
  A jelly (Gauntlet)
  3 mummies (Ossuary)
  An orc priest (D:12)
  A sleepcap (D:6)
  Natasha (D:4)
  2 orc wizards
  2 troll simulacra (IceCv)
  A polar bear simulacrum (IceCv)
  2 hell rats (Lair:4)
  2 spriggan simulacra (IceCv)
  2 wolf simulacra (IceCv)
  A killer bee zombie (D:7)
  A howler monkey zombie (Ossuary)
  3 gnolls
  3 naga simulacra (IceCv)
  4 white imps (IceCv)
  5 ufetubi
  21 orcs
  2 goblins (D:10)
  7 kobolds
  4 tentacles (Shoals:3)
280 creatures vanquished.

Vanquished Creatures (others)
  A nagaraja (Snake:4)
  A naga mage (Snake:4)
  23 battlemagi
  An orc wizard (Orc:1)
  5 ancestors
  2 starspawn tentacles (Shoals:2)
  15 tentacles (Shoals:3)
48 creatures vanquished.

Grand Total: 1159 creatures vanquished

Table legend:
 A = Non-vault XP
 B = Vault XP
 C = Vault XP percentage of total XP
 D = Non-vault monster count
 E = Vault monster count
 F = Vault count percentage of total count
                 A         B        C        D         E       F
            +---------+---------+-------+---------+---------+-------
      Total |  202500 |  125193 |  38.2 |     711 |     398 |  35.9
            +---------+---------+-------+---------+---------+-------
        D:1 |      35 |       0 |   0.0 |      22 |       0 |   0.0
        D:2 |      43 |       0 |   0.0 |      19 |       0 |   0.0
        D:3 |     140 |       0 |   0.0 |      20 |       0 |   0.0
        D:4 |      49 |      35 |  41.7 |       8 |       1 |  11.1
        D:5 |    1352 |     693 |  33.9 |      32 |       6 |  15.8
        D:6 |     852 |     744 |  46.6 |      21 |       3 |  12.5
        D:7 |    1293 |    1454 |  52.9 |      29 |      19 |  39.6
        D:8 |    1984 |     858 |  30.2 |      21 |       5 |  19.2
        D:9 |    3181 |     916 |  22.4 |      25 |       3 |  10.7
       D:10 |    3112 |       7 |   0.2 |      21 |       4 |  16.0
       D:11 |    3268 |       0 |   0.0 |      17 |       0 |   0.0
       D:12 |    1700 |       0 |   0.0 |      14 |       0 |   0.0
       D:13 |    3511 |     758 |  17.8 |       9 |       2 |  18.2
       D:14 |   13043 |    8678 |  40.0 |      22 |      14 |  38.9
       D:15 |    8741 |    5453 |  38.4 |      25 |      11 |  30.6
     Lair:1 |    5123 |       0 |   0.0 |      22 |       0 |   0.0
     Lair:2 |    2322 |    2253 |  49.2 |      19 |       6 |  24.0
     Lair:3 |    3451 |    3916 |  53.2 |      15 |      15 |  50.0
     Lair:4 |   17369 |       0 |   0.0 |      48 |       0 |   0.0
     Lair:5 |   12584 |   12103 |  49.0 |      41 |      53 |  56.4
   Shoals:1 |   11974 |    3728 |  23.7 |      23 |       7 |  23.3
   Shoals:2 |    8619 |    3079 |  26.3 |      18 |       2 |  10.0
   Shoals:3 |   19737 |       0 |   0.0 |      38 |       0 |   0.0
   Shoals:4 |    5892 |    8453 |  58.9 |      11 |      13 |  54.2
    Snake:1 |   14306 |    2301 |  13.9 |      31 |       5 |  13.9
    Snake:2 |   13885 |    2410 |  14.8 |      26 |       3 |  10.3
    Snake:3 |   19689 |    9605 |  32.8 |      41 |       9 |  18.0
    Snake:4 |   13471 |   35574 |  72.5 |      24 |      53 |  68.8
      Orc:1 |    2847 |     785 |  21.6 |      22 |       1 |   4.3
      Orc:2 |    1364 |    6276 |  82.1 |      13 |      39 |  75.0
   Vaults:1 |    6639 |    1361 |  17.0 |      10 |       1 |   9.1
    Ossuary |       0 |    1109 | 100.0 |       0 |      28 | 100.0
     Bailey |       0 |    1986 | 100.0 |       0 |      24 | 100.0
      IceCv |       0 |    4754 | 100.0 |       0 |      51 | 100.0
   Gauntlet |     924 |    5904 |  86.5 |       4 |      20 |  83.3
            +---------+---------+-------+---------+---------+-------

Skill      XL: |  1  2  3  4  5  6  7  8  9 10 11 12 13 14 15 16 17 18 |
---------------+-------------------------------------------------------+-----
Short Blades   | 1 2 |  2.0
Stealth        | 3 |  3.4
Ice Magic      | 1 |  1.3
Fighting       | 1 3 4 6 8 10 12 14 15 | 15.0
Polearms       | 1 2 3 6 9 10 11 12 | 12.0
Dodging        | 4 6 7 10 | 10.0
Armour         | 2 4 6 8 12 | 12.0
Invocations    | 8 10 | 10.0
Shields        | 10 13 14 | 14.0
Unarmed Combat | 5 12 14 | 14.6
Spellcasting   | |  2.0
Hexes          | |  3.6

Action                     |  1- 3 |  4- 6 |  7- 9 | 10-12 | 13-15 | 16-18 || total
---------------------------+-------+-------+-------+-------+-------+-------++-------
  Melee: Dagger            |   157 |    13 |       |       |       |       ||   170
         Punch             |     1 |     2 |     4 |     2 |       |       ||     9
         Spear             |       |   124 |   331 |   569 |  1313 |  1242 ||  3579
         Unarmed           |       |       |       |     4 |       |    65 ||    69
   Cast: Ensorcelled Hiber |     4 |     2 |       |       |       |       ||     6
 Invoke: Recall Ancestor   |       |       |     1 |     3 |     5 |       ||     9
         Ancestor Life: Ba |       |       |     1 |       |       |       ||     1
         Idealise          |       |       |       |     1 |     9 |    13 ||    23
  Evoke: Wand              |       |       |       |     3 |       |       ||     3
         Lightning rod     |       |       |       |       |     4 |       ||     4
         Sack of spiders   |       |       |       |       |       |     1 ||     1
         Phantom mirror    |       |       |       |       |       |     1 ||     1
         Tin of tremorston |       |       |       |       |       |     1 ||     1
    Use: Potion            |     1 |     1 |     2 |       |     2 |     2 ||     8
         Scroll            |       |    10 |     4 |    12 |     9 |     9 ||    44
   Stab: Sleeping          |    12 |     2 |     5 |     3 |    11 |    12 ||    45
         Invisible         |     2 |       |       |       |       |       ||     2
         Distracted        |       |     1 |     4 |    16 |    24 |    26 ||    71
         Petrified         |       |       |       |       |     3 |       ||     3
         Petrifying        |       |       |       |       |     2 |       ||     2
 Armour: Robe              |    63 |    57 |   114 |       |       |       ||   234
         Ring mail         |       |       |     5 |   151 |    89 |       ||   245
         Skin              |       |       |       |     2 |       |       ||     2
         Fire dragon scale |       |       |       |       |   282 |   371 ||   653
  Dodge: Dodged            |    81 |    62 |   121 |   158 |   336 |   358 ||  1116
         Repelled          |       |       |       |       |       |    29 ||    29
  Block: Other             |       |       |    23 |    12 |       |       ||    35
         Reflection        |       |       |       |    18 |     1 |       ||    19
         Tower shield      |       |       |       |    10 |       |       ||    10
         Kite shield       |       |       |       |       |   602 |   615 ||  1217

Illustrated notes

Table legend:
 A = Kills in this place as a percentage of kills in the entire game.
 B = Kills by you in this place as a percentage of kills by you in the entire game.
 C = Kills by friends in this place as a percentage of kills by friends in the entire game.
 D = Other kills in this place as a percentage of other kills in the entire game.
 E = Experience gained in this place as a percentage of experience gained in the entire game.
 F = Experience gained in this place divided by the number of levels of this place that you have seen.
                   A       B       C       D       E      F
               +-------+-------+-------+-------+-------+----------------------
         Total | 100.0 | 100.0 | 100.0 | 100.0 | 100.0 | 9362.7
       Dungeon |  33.6 |  37.1 |  23.6 |   0.0 |  18.9 | 4126.7
          Lair |  19.7 |  20.9 |  16.3 |   0.0 |  18.0 | 11824.2
        Shoals |  10.1 |   7.3 |  18.5 |   0.0 |  18.8 | 15370.5
     Snake Pit |  17.3 |  16.7 |  18.5 | 100.0 |  33.9 | 27810.2
  Orcish Mines |   6.8 |   7.2 |   5.4 |   0.0 |   3.4 | 5636.0
        Vaults |   1.0 |   1.0 |   1.1 |   0.0 |   2.4 | 8000.0
       Ossuary |   2.5 |   2.8 |   1.8 |   0.0 |   0.3 | 1109.0
        Bailey |   2.2 |   2.2 |   2.2 |   0.0 |   0.6 | 1986.0
      Ice Cave |   4.6 |   2.9 |   9.8 |   0.0 |   1.5 | 4754.0
      Gauntlet |   2.2 |   1.9 |   2.9 |   0.0 |   2.1 | 6828.0
               +-------+-------+-------+-------+-------+----------------------

Table legend: (Time is in decaauts)
 A = Elapsed time spent in this place.
 B = Non-inter-level travel time spent in this place.
 C = Inter-level travel time spent in this place.
 D = Time resting spent in this place.
 E = Time spent auto-exploring this place.
 F = Levels seen in this place.
 G = Mean time per level.
                   A        B        C        D        E       F      G
               +--------+--------+--------+--------+--------+-----+--------+
         Total |  33720 |  30782 |   2938 |   4192 |  20609 |  35 |  963.4 |
       Dungeon |  14230 |  12434 |   1796 |   1289 |   8860 |  15 |  948.7 |
          Lair |   5469 |   5018 |    451 |    184 |   3962 |   5 | 1093.8 |
        Shoals |   3515 |   3321 |    194 |    717 |   1937 |   4 |  878.8 |
     Snake Pit |   6404 |   6033 |    371 |   1300 |   3760 |   4 | 1601.0 |
  Orcish Mines |   1312 |   1188 |    124 |      0 |    975 |   2 |  656.0 |
        Vaults |     69 |     69 |      0 |      0 |     31 |   1 |   69.0 |
       Ossuary |    669 |    669 |      0 |    150 |    179 |   1 |  669.0 |
        Bailey |    379 |    379 |      0 |     73 |    156 |   1 |  379.0 |
      Ice Cave |    798 |    798 |      0 |     50 |    538 |   1 |  798.0 |
      Gauntlet |    870 |    870 |      0 |    428 |    210 |   1 |  870.0 |
               +--------+--------+--------+--------+--------+-----+--------+

Top non-repeatable levels by time:
 Snake:4: 2208 daAuts
 Snake:3: 1896 daAuts
  Lair:3: 1508 daAuts
    D:14: 1423 daAuts
     D:7: 1416 daAuts
 Snake:1: 1324 daAuts
Shoals:3: 1266 daAuts
     D:1: 1189 daAuts
  Lair:4: 1132 daAuts
  Lair:5: 1124 daAuts
    D:13: 1110 daAuts
     D:3: 1094 daAuts
Shoals:1: 1094 daAuts
     D:5: 1076 daAuts
     D:9: 1066 daAuts
